 Dungeon Crawl Stone Soup version 0.26-b1-32-g5d43845318 (webtiles) character file.

Game seed: 5233668504184508049

368 Dirian the Chopper (level 6, -3/53 HPs)
             Began as a Minotaur Fighter on Jan 9, 2021.
             Was a Follower of Trog.
             Slain by Raspi's ghost (10 damage)
             ... on level 4 of the Dungeon.
             The game lasted 00:06:13 (3919 turns).

Dirian the Chopper (Minotaur Fighter)               Turns: 3919, Time: 00:06:14

Health: -3/53      AC: 11    Str: 23    XL:     6   Next: 41%
Magic:  5/5        EV:  7    Int:  5    God:    Trog [*.....]
Gold:   192        SH: 11    Dex:  9    Spells: 5/5 levels left

rFire    . . .     SeeInvis .   a - +1 war axe
rCold    . . .     Faith    .   c - +1 kite shield
rNeg     . . .     Spirit   .   b - +0 scale mail
rPois    .         Reflect  .   e - +0 hat
rElec    .         Harm     .   l - +1 cloak
rCorr    .         Rampage  .   j - +1 pair of gloves
Will     .....                  (no boots)
Stlth    ..........             (no amulet)
HPRegen  0.17/turn              (no ring)
MPRegen  0.09/turn              (no ring)

@: mighty, berserk cooldown, slowed, very slow
A: retaliatory headbutt, horns 2
a: Renounce Religion, Berserk


You were on level 4 of the Dungeon.
You worshipped Trog.
Trog was aware of your devotion.
You visited 1 branch of the dungeon, and saw 4 of its levels.

You collected 192 gold pieces.

Inventory:

Hand Weapons
 a - a +1 war axe (weapon)
 o - a +0 war axe
Armour
 b - a +0 scale mail (worn)
 c - a +1 kite shield (worn)
 e - a +0 hat (worn)
 j - a +1 pair of gloves (worn)
 l - a +1 cloak (worn)
Wands
 v - a wand of digging (4)
Scrolls
 f - a scroll of fear
 g - 3 scrolls of enchant weapon
 t - a scroll of teleportation
Potions
 d - 2 potions of might
 k - 2 potions of mutation {unknown}
 m - 3 potions of ambrosia
 n - 3 potions of curing {unknown}
 p - 2 potions of lignification {unknown}
 q - a potion of haste {unknown}


   Skills:
 + Level 4.6 Fighting
 + Level 5.7 Axes
 + Level 5.3 Armour
 - Level 5.0 Shields


You had 5 spell levels left.
You didn't know any spells.
Your spell library was empty.

Dungeon Overview and Level Annotations

Branches:
Dungeon (4/15)             Temple (0/1) D:4

Altars:
Elyvilon
Gozag
Hepliaklqana
Makhleb
Okawaru
Qazlal
Trog
Yredelemnul
The Shining One

Shops:
D:4 :

Annotations:
D:4 Raspi's ghost, novice PaFi


Innate Abilities, Weirdness & Mutations

You reflexively headbutt those who attack you in melee.
You have a pair of horns on your head.


Message History

You hit Raspi's ghost.
You headbutt Raspi's ghost, but do no damage.
Raspi's ghost is heavily damaged.
You block Raspi's ghost's attack.
Raspi's ghost shouts, "To die, to sleep, no more."
Raspi's ghost closely misses you.
You hit Raspi's ghost but do no damage.
Raspi's ghost is heavily damaged.
Raspi's ghost hits you. Raspi's ghost hits you!
You hit Raspi's ghost but do no damage.
Raspi's ghost is heavily damaged.
Raspi's ghost hits you!
* * * LOW HITPOINT WARNING * * *
You block Raspi's ghost's attack.
Okay, then.
Raspi's ghost hits you.
* * * LOW HITPOINT WARNING * * *
You feel very mighty all of a sudden. Raspi's ghost hits you!
You die...

# #.§.._..'.###.############ #
#.#.≈.§.#.............<##. #
#.#...§.###.##########.### #
##.###'### #.# #.# # # #..# #.#
#.# ###†# #
#######.####.#####.##§§§# #...# #
..............##....#§§§###.### #
#############....#####'###.#.####
###.##@# #......###....
###########...##W###.#...#.#..###
..............##Z....######)#.###
.....######...######## #.#....
####.# ##..# #.##### #.#
#..########## #.# #.#
#..........)# #.# #.#
##.########.# #.# #.# #.#
#†####.#


You could see Raspi's ghost and a centaur skeleton.

Vanquished Creatures
  An orc priest (D:4)
  An iguana (D:4)
  4 orc wizards (D:4)
  A worker ant (D:4)
  7 adders
  A white imp (D:4)
  3 oozes
  An adder skeleton (D:4)
  A worm (D:3)
  2 dart slugs
  17 orcs
  7 bats
  7 giant cockroaches
  8 goblins
  2 hobgoblins
  A quokka (D:4)
  A ball python (D:2)
  4 frilled lizards
  2 goblin skeletons (D:4)
  2 goblin zombies (D:4)
  6 hobgoblin zombies (D:4)
  9 kobolds
  2 orc skeletons (D:4)
  A quokka skeleton (D:2)
  5 rats
96 creatures vanquished.

Notes
Turn   | Place    | Note
-------+----------+-------------------------------------------
     0 | D:1      | Dirian the Minotaur Fighter began the quest for the Orb.
     0 | D:1      | Reached XP level 1. HP: 19/19 MP: 0/0
     2 | D:1      | Noticed a draconian
     2 | D:1      | Noticed a formicid
     4 | D:1      | Noticed a demonspawn
     4 | D:1      | Noticed a minotaur
     6 | D:1      | Noticed a ghoul
     6 | D:1      | Noticed a vampire
     8 | D:1      | Noticed an octopode
     8 | D:1      | Noticed a centaur
    10 | D:1      | Noticed a troll
    10 | D:1      | Noticed an ogre
    12 | D:1      | Noticed a felid
    14 | D:1      | Noticed an elf
    14 | D:1      | Noticed a spriggan
    16 | D:1      | Noticed a vine stalker
    16 | D:1      | Noticed a demigod
    18 | D:1      | Noticed a naga
    18 | D:1      | Noticed a human
    20 | D:1      | Noticed a merfolk
    20 | D:1      | Noticed a dwarf
    22 | D:1      | Noticed a halfling
    24 | D:1      | Noticed a gargoyle
    26 | D:1      | Noticed a tengu
    32 | D:1      | You fall into a shaft and drop 1 floor!
    68 | D:2      | Reached XP level 2. HP: 27/27 MP: 1/1
   369 | D:1      | Reached XP level 3. HP: 31/33 MP: 2/2
   725 | D:2      | Found a hazy altar of Hepliaklqana.
   729 | D:2      | Found an opulent altar of Gozag.
   925 | D:2      | Reached XP level 4. HP: 40/40 MP: 3/3
   998 | D:2      | Found a basalt altar of Yredelemnul.
  1003 | D:2      | Found a stormy altar of Qazlal.
  1008 | D:2      | Found an iron altar of Okawaru.
  1604 | D:3      | Noticed an ogre
  1639 | D:2      | Found a bloodstained altar of Trog.
  1639 | D:2      | Found a white marble altar of Elyvilon.
  1852 | D:2      | Became a worshipper of Trog the Wrathful
  2703 | D:4      | Reached XP level 5. HP: 44/46 MP: 4/4
  2749 | D:4      | Found a glowing golden altar of the Shining One.
  2904 | D:4      | Found a staircase to the Ecumenical Temple.
  3105 | D:4      | Reached * piety under Trog
  3139 | D:4      | Reached skill level 5 in Axes
  3139 | D:4      | Reached skill level 5 in Armour
  3139 | D:4      | Reached skill level 5 in Shields
  3153 | D:4      | Reached XP level 6. HP: 24/53 MP: 5/5
  3358 | D:4      | Found Cinloss's Book Shoppe.
  3440 | D:4      | Found a runed translucent door.
  3502 | D:4      | Found a burning altar of Makhleb.
  3890 | D:4      | Noticed Raspi's ghost (novice PaFi)
  3919 | D:4      | Slain by Raspi's ghost

Illustrated notes

Levels and vault maps discovered:
D:1:      kb_arrival_jail, layout_basic, minmay_misc_feat_nine_boxes
D:2:      layout_basic, minitemple, nicolae_overflow_hidden_temple,
          hangedman_decor_points, minmay_tromino_i4
D:3:      layout_basic
D:4:      layout_loops_ring, kennysheep_little_box, temple_fountains,
          ebering_ghost_inner_flame, serial_shops, nicolae_shop_statue_plus,
          nicolae_tso_besieged_by_evil

Skill      XL: |  1  2  3  4  5 |
---------------+----------------+-----
Armour         | 4 5 |  5.3
Shields        | 4 5 |  5.0
Fighting       | 4 |  4.6
Axes           | 3 4 5 |  5.7

Action                   |  1- 3 |  4- 6 || total
-------------------------+-------+-------++-------
Melee: War axe           |    63 |   174 ||   237
       Headbutt          |     5 |    36 ||    41
Invok: Berserk           |       |     1 ||     1
  Use: Scroll            |       |    11 ||    11
       Potion            |       |     1 ||     1
Armor: Scale mail        |    44 |    69 ||   113
Dodge: Dodged            |    24 |    29 ||    53
Block: Kite shield       |    42 |    87 ||   129
